 Dungeon Crawl Stone Soup version 0.20.1-1-g8b1a95d (webtiles) character file.

86 Darkyelf the Skirmisher (level 4, -1/37 HPs)
             Began as a Formicid Abyssal Knight on Nov 6, 2017.
             Was a Believer of Lugonu.
             Slain by a gnoll (2 damage)
             ... on level 2 of the Dungeon.
             The game lasted 00:03:22 (2076 turns).

Darkyelf the Skirmisher (Formicid Abyssal Knight)   Turns: 2076, Time: 00:03:22

Health: -1/37      AC:  9    Str: 14 (17) XL:     4   Next: 78%
Magic:  5/5        EV:  6    Int: 10 (11) God:    Lugonu [**....]
Gold:   79         SH:  0    Dex:  9 (11) Spells: 3/3 levels left

rFire    . . .     SeeInvis +   a - +1 hand axe
rCold    . . .     Gourm    .   (no shield)
rNeg     . . .     Faith    .   e - +0 chain mail
rPois    .         Spirit   .   (helmet unavailable)
rElec    .         Reflect  .   (no cloak)
rCorr    .         Harm     .   (no gloves)
MR       .....                  (no boots)
Stlth    ..........             (no amulet)
Regen    0.2/turn               (no ring)
MPRegen  0.1/turn               (no ring)

@: no status effects
A: permanent stasis, dig shafts and tunnels, four strong arms, antennae 3
a: Dig, Shaft Self, Depart the Abyss, Bend Space, Renounce Religion


You were on level 2 of the Dungeon.
You worshipped Lugonu.
Lugonu was pleased with you.
You were not hungry.

You visited 1 branch of the dungeon, and saw 2 of its levels.
You visited the Abyss 1 time.

You collected 79 gold pieces.

Inventory:

Hand Weapons
 a - a +1 hand axe (weapon)
Armour
 b - a +0 leather armour
 e - a +0 chain mail (worn)
Jewellery
 m - an uncursed ring of protection from fire {unknown}
 o - an uncursed ring of resist corrosion {unknown}
Scrolls
 d - a scroll of enchant weapon {unknown}
 g - a scroll of blinking {unknown}
 i - 2 scrolls of teleportation {unknown}
 j - a scroll of recharging {unknown}
 k - 4 scrolls of identify {unknown}
 q - a scroll of enchant armour {unknown}
Potions
 h - a potion of flight {unknown}
 l - a potion of heal wounds {unknown}
 n - a potion of degeneration
Comestibles
 c - a bread ration
 f - 2 royal jellies


   Skills:
 + Level 4.2 Fighting
 + Level 3.0 Axes
 + Level 3.2 Armour
 + Level 1.1 Dodging
 + Level 0.3 Stealth
 + Level 2.2 Invocations


You had 3 spell levels left.
You didn't know any spells.

Dungeon Overview and Level Annotations

Branches:
Dungeon (2/15)

Altars:


Innate Abilities, Weirdness & Mutations

You cannot be hasted, slowed, berserked, paralysed or teleported.
You can dig through walls and to a lower floor.
Your four strong arms can wield two-handed weapons with a shield.
You have a pair of large antennae on your head. (SInv)


Message History

Unknown command.
You slash the gnoll!
The gnoll is almost dead.
You closely miss the gnoll. You hit the gnoll. The gnoll hits you with a spear.
The gnoll hits you. The gnoll hits you with a spear.
* * * LOW HITPOINT WARNING * * *
Unknown command.
You hit the gnoll but do no damage.
The gnoll is almost dead.
You hit the gnoll. x2; The gnoll hits you with a spear!
* * * LOW HITPOINT WARNING * * *
The gnoll closely misses you. The gnoll hits you but does no damage.
The gnoll barely misses you.
Unknown command.
Unknown command.
It was a potion of degeneration.
There was something very wrong with that liquid.
You feel weakened.
You feel dopey.
You feel clumsy. The gnoll hits you.
You die...

#.#......###.....#.....## ##
#(#...#...#.............######
#.#...##.................##...
####.#......................##...
#..............................##
#........................)......†
#.............................###
#................g..........#....
####.####.......@g.........#####.
####.## #.......)g.(#.....## ##
#...>.. #.........###...###
......##.........##..... #####
.♣..............##..... ......
♣.♣♣♣.♣...###....##.... ...#.
♣♣♣♣.♣..# #..#..#... #.#.
♣♣♣♣.♣♣♣.(.###..##[# ###...
_.♣.♣.♣.♣..##...# .# .......


You could see 3 gnolls.

Vanquished Creatures
  2 adders (D:2)
  A gnoll (D:2)
  2 oozes
  A worm (D:2)
  3 dart slugs
  A ball python (D:2)
  2 bats (D:1)
  A giant cockroach (D:1)
  4 goblins
  2 hobgoblins (D:1)
  3 jackals (D:2)
  2 quokkas (D:2)
  8 frilled lizards
  7 kobolds
  7 rats (D:1)
46 creatures vanquished.

Notes
Turn   | Place    | Note
-------+----------+-------------------------------------------
     0 | Abyss:1  | Darkyelf the Formicid Abyssal Knight began the quest for the Orb.
     0 | Abyss:1  | Reached XP level 1. HP: 18/18 MP: 2/2
    82 | Abyss:2  | Found a corrupted altar of Lugonu.
   106 | Abyss:2  | Noticed a large abomination
   111 | Abyss:2  | Noticed a fire giant skeleton
   111 | Abyss:2  | Noticed a small abomination
   113 | D:1      | Escaped the Abyss
   236 | D:1      | Reached * piety under Lugonu
   239 | D:1      | Reached XP level 2. HP: 24/24 MP: 3/3
   519 | D:1      | Reached skill level 4 in Fighting
   519 | D:1      | Reached XP level 3. HP: 28/30 MP: 4/4
   527 | D:1      | Reached skill level 1 in Dodging
  1175 | D:2      | Reached XP level 4. HP: 19/37 MP: 5/5
  1794 | D:2      | Reached ** piety under Lugonu
  2045 | D:2      | Found a faded altar of an unknown god.
  2075 | D:2      | HP: 1/37 [gnoll/spear (8)]
  2076 | D:2      | Slain by a gnoll

Skill      XL: |  1  2  3  4 |
---------------+-------------+-----
Fighting       | 4 |  4.2
Dodging        | 1 |  1.1
Armour         | 3 |  3.2
Axes           | 3 |  3.0
Stealth        | |  0.3
Invocations    | |  2.2

Action                   |  1- 3 |  4- 6 || total
-------------------------+-------+-------++-------
Melee: Hand axe          |   117 |    38 ||   155
Invok: Depart the Abyss  |     1 |       ||     1
  Use: Potion            |     1 |     1 ||     2
  Eat: Chunk             |     1 |     3 ||     4
Armor: Chain mail        |    85 |    29 ||   114
Dodge: Dodged            |    40 |    19 ||    59
